 Dungeon Crawl Stone Soup version 0.18.1-5-g4a78601 (webtiles) character file.

81 tyrsky the Digger (level 4, 0/24 HPs)
             Began as a Gargoyle Earth Elementalist on May 14, 2016.
             Slain by Terence
             ... wielding a +0 mace
              (2 damage)
             ... on level 3 of the Dungeon.
             The game lasted 00:07:49 (2788 turns).

tyrsky the Digger (Gargoyle Earth Elementalist)     Turns: 2788, Time: 00:07:50

Health: 0/24       AC:  5    Str: 11    XL:     4   Next: 42%
Magic:  8/18       EV: 12    Int: 17    God:
Gold:   86         SH:  0    Dex: 10    Spells: 2 memorised, 6 levels left

rFire  . . .     SeeInvis .     g - +0 whip (pain)
rCold  . . .     Gourm    .     a - +0 robe
rNeg   + . .     Faith    .     (no shield)
rPois  ∞         Spirit   .     (no helmet)
rElec  +         Dismiss  .     (no cloak)
rCorr  .         Reflect  .     (no gloves)
SustAt .         Harm     .     (no boots)
MR     .....                    (no amulet)
Stlth  ++........               (no ring)
                                s - ring of magical power

@: very slightly contaminated, not resistant to hostile enchantments, unstealthy
A: negative energy resistance 1, electricity resistance, unbreathing,
petrification resistance, rot immunity, AC +3
a: no special abilities


You were on level 3 of the Dungeon.
You were not hungry.

You visited 1 branch of the dungeon, and saw 3 of its levels.

You collected 86 gold pieces.

Inventory:

Hand Weapons
 g - a +0 whip of pain (weapon)
Missiles
 b - 153 stones (quivered)
Armour
 a - a +0 robe (worn)
Jewellery
 s - a ring of magical power (left hand)
Scrolls
 q - 2 scrolls of identify {@*1}
Potions
 f - a potion of heal wounds {unknown}
 h - a potion of magic {unknown}
 i - 2 potions of mutation
 j - a potion of curing {unknown}
 n - a potion of degeneration {unknown}
 o - 3 potions of brilliance {unknown}
Books
 c - a book of Geomancy

   Spells                             Type                      Level
   a - Sandblast                      Earth                        1
   b - Passwall                       Transmutation/Earth          2
   c - Stone Arrow                    Conjuration/Earth            3
   d - Petrify                        Transmutation/Earth          4
   e - Lee's Rapid Deconstruction     Earth                        5
Comestibles
 d - a bread ration
 m - 2 meat rations


   Skills:
 - Level 1.5 Dodging
 - Level 2.1 Stealth
 * Level 3.6 Spellcasting
 + Level 0.0 Conjurations
   Level 0.7 Transmutations
 + Level 4.5 Earth Magic


You had 6 spell levels left.
You knew the following spells:

 Your Spells              Type           Power        Failure   Level  Hunger
a - Sandblast             Erth           ###...       2%          1    None
b - Stone Arrow           Conj/Erth      ##....       21%         3    ###....


Dungeon Overview and Level Annotations

Branches:
Dungeon (3/15)

Altars:
Pakellas
Yredelemnul
The Shining One

Annotations:
D:2 Sigmund
D:3 Terence


Innate Abilities, Weirdness & Mutations

You are resistant to torment.
Your stone body is resilient (AC +3).
You are immune to poison.
You resist negative energy.
You are resistant to electric shocks.
You can survive without breathing.
You are immune to petrification.
You are immune to rotting.


Message History

You aren't carrying any rechargeable items.
Terence misses you.
Read which item? (? for menu, Esc to quit)
As you read the scroll labeled IXOWIU POURCHE, it crumbles to dust.
You feel blessed for a moment.
It was a scroll of remove curse.
Read which item? (? for menu, Esc to quit)
As you read the scroll labeled RUIZEU PUELUIS, it crumbles to dust.
You hear a loud clanging noise!
It was a scroll of noise.
Terence says, "Did you write a will?
You should..."
Terence hits you with a mace.
* * * LOW HITPOINT WARNING * * *
Unknown command.
Read which item? (? for menu, Esc to quit)
As you read the scroll labeled MUBRUMYUGRA, it crumbles to dust.
It is a scroll of identify.
Identify which item? (\ to view known items) (? for menu, Esc to quit)
i - 2 potions of mutation Terence hits you with a mace.
You die...

*,,,,,,........##.##..#
*,,,**,#.##...........#
*#,***,#.##.#.###.##..##
***#.###.#.##.#.#♣♣♣♣#...#
*,,...[..#.##.#.♣♣PP♣♣.#.#
*,*#.*#..#.##...♣♣P.♣♣...##
*,*#.*#..#.##...♣P..♣♣♣....
*,*#.##.........♣♣P..♣..♣##
#,*#...?.#9#....♣♣P....P♣
#.##..#.##@#.....♣♣.♣..♣♣**
#.......##.##.....♣♣♣.P♣ *,
***######..####.##....##.♣..♣
**
*,,................#.###...♣♣
*,*######..####<#[.#.###..##
*,* ♣♣.# #.#.....##..# *,*
##♣♣♣♣####....[......# *>*
#.).P♣♣..........###.#


You could see Terence.

Vanquished Creatures
  Robin (D:2)
  A worm (D:2)
  A dart slug (D:1)
  3 giant geckos (D:1)
  2 ball pythons (D:1)
  3 giant cockroaches
  16 goblins
  5 hobgoblins
  4 quokkas
  6 bats (D:1)
  A giant newt (D:2)
  7 kobolds
  6 rats
56 creatures vanquished.

Vanquished Creatures (others)
  A hungry ghost (D:2)
1 creature vanquished.

Grand Total: 57 creatures vanquished

Notes
Turn   | Place    | Note
--------------------------------------------------------------
     0 | D:1      | tyrsky the Gargoyle Earth Elementalist began the quest for the Orb.
     0 | D:1      | Reached XP level 1. HP: 10/10 MP: 3/3
   185 | D:1      | Reached skill level 4 in Earth Magic
   185 | D:1      | Reached XP level 2. HP: 2/15 MP: 0/5
   816 | D:1      | Found a glowing golden altar of the Shining One.
   901 | D:1      | Reached XP level 3. HP: 15/19 MP: 1/7
  1662 | D:2      | Noticed Robin
  1754 | D:2      | Noticed Sigmund
  1769 | D:2      | Killed Robin
  1769 | D:2      | Reached XP level 4. HP: 8/24 MP: 0/9
  2059 | D:2      | Found a basalt altar of Yredelemnul.
  2164 | D:2      | Learned a level 3 spell: Stone Arrow
  2214 | D:2      | Found an oddly glowing altar of Pakellas.
  2214 | D:2      | Noticed a hungry ghost
  2236 | D:2      | Killed a hungry ghost
  2309 | D:2      | Found a glowing golden altar of the Shining One.
  2756 | D:3      | Noticed Terence
  2788 | D:3      | Slain by Terence

Skill      XL: |  1  2  3 |
---------------+----------+-----
Earth Magic    | 4 |  4.5
Spellcasting   | 3 |  3.6
Dodging        | |  1.5
Stealth        | |  2.1
Transmutations | |  0.7

Action                   |  1- 3 |  4- 6 || total
-------------------------+-------+-------++-------
Melee: Whip              |    29 |     2 ||    31
       Unarmed           |     4 |       ||     4
 Cast: Sandblast         |    72 |    42 ||   114
  Use: Scroll            |       |     5 ||     5
  Eat: Chunk             |     3 |     3 ||     6
Armor: Robe              |    15 |     6 ||    21
Dodge: Dodged            |    46 |    23 ||    69
